Map: Snowy Mesa

Players

FOreverV - Winner!

  • Race: Protoss Protoss

Changoleon - Winner!

  • Race: Terran Terran

jazzzkk

  • Race: Terran Terran

Tenonee

  • Race: Zerg Zerg
  • League: Platinum

VOD

Have the link to the VOD?

Description

Time

  • Played on: July 24, 2016, 5:11 a.m.
  • Length: 9:52
Show
View Real Time Build Order
Export as new Build Order

FOreverV Protoss - Winner!

Build Orders: 1 Gate Expand, Blink Stalkers 

Get SALT Encoding   

  12  0:01  Probe (Chrono Boost)  
  13  0:11  Probe (Chrono Boost)  
  14  0:17  Pylon  
  14  0:23  Probe (Chrono Boost)  
  16  0:36  Probe (Chrono Boost)  
  16  0:37  Gateway  
  16  0:42  Assimilator  
  16  0:46  Probe (Chrono Boost)  
  17  0:57  Probe (Chrono Boost)  
  18  1:07  Probe (Chrono Boost)  
  19  1:21  Probe (Chrono Boost)  
  19  1:24  Nexus  
  20  1:35  Cybernetics Core  
  20  1:38  Probe (Chrono Boost)  
  21  1:46  Assimilator  
  21  1:48  Probe (Chrono Boost)  
  22  1:54  Pylon  
  22  2:00  Probe (Chrono Boost)  
  23  2:08  Stalker  
  23  2:13  Warp Gate  
  25  2:27  Probe (Chrono Boost)  
  26  2:30  Twilight Council  
  26  2:34  Stalker  
  26  2:39  Probe x2 (Chrono Boost)  
  30  2:50  Probe (Chrono Boost), Blink  
  30  2:51  Probe (Chrono Boost)  
  32  3:00  Probe (Chrono Boost)  
  32  3:03  Probe (Chrono Boost)  
  34  3:15  Probe (Chrono Boost)  
  34  3:16  Probe (Chrono Boost)  
  34  3:17  Stalker  
  38  3:25  Pylon  
  38  3:26  Probe (Chrono Boost)  
  39  3:29  Probe (Chrono Boost)  
  39  3:34  Assimilator  
  39  3:36  Probe (Chrono Boost)  
  39  3:41  Probe (Chrono Boost)  
  41  3:43  Pylon  
  41  3:44  Pylon  
  41  3:47  Mothership Core (Chrono Boost)  
  43  3:53  Probe (Chrono Boost)  
  44  4:01  Gateway  
  44  4:04  Gateway x2  
  44  4:06  Probe (Chrono Boost)  
  45  4:15  Probe (Chrono Boost)  
  47  4:18  Probe (Chrono Boost)  
  47  4:20  Robotics Facility  
  47  4:21  Pylon  
  47  4:30  Probe (Chrono Boost)  
  49  4:32  Probe (Chrono Boost)  
  49  4:42  Probe (Chrono Boost)  
  49  4:44  Probe (Chrono Boost)  
  49  4:45  Pylon  
  51  4:54  Stalker  
  51  4:58  Stalker  
  51  4:59  Stalker x2  
  59  5:05  Observer  
  59  5:10  Probe (Chrono Boost)  
  59  5:12  Probe (Chrono Boost)  
  62  5:21  Probe (Chrono Boost)  
  63  5:24  Probe (Chrono Boost), Assimilator  
  63  5:26  Stalker x3  
  63  5:27  Stalker  
  72  5:29  Observer  
  73  5:43  Probe (Chrono Boost)  
  73  5:45  Probe (Chrono Boost)  
  75  5:53  Pylon  
  75  5:55  Pylon  
  76  5:57  Probe (Chrono Boost), Pylon  
  76  6:32  Stalker x2  
  75  6:33  Stalker x2  
  75  6:34  Probe (Chrono Boost)  
  75  6:37  Probe (Chrono Boost)  
  82  6:41  Gateway x2  
  82  6:46  Gateway  
  82  6:48  Gateway  
  82  6:50  Gateway  
  82  7:25  Stalker x4  
  86  7:43  Probe (Chrono Boost)  
  85  7:51  Stalker x4  
  87  7:52  Stalker x4  
  87  7:53  Forge  
  87  7:55  Forge  
  91  8:27  Stalker x2  
  91  8:28  Stalker x5  
  91  8:29  Stalker  
  107  8:36  Probe (Chrono Boost)  
  107  8:38  Probe (Chrono Boost)  
  109  8:46  Observer  
  110  8:49  Nexus  
  110  8:50  Pylon  
  110  8:52  Pylon  
  110  8:54  Pylon  
  110  9:07  Probe (Chrono Boost)  
  109  9:13  Templar Archives  
  107  9:23  Stalker x3  
  107  9:24  Stalker x5  
  115  9:39  Probe (Chrono Boost)  
  115  9:41  Probe (Chrono Boost)  
Show
View Real Time Build Order
Export as new Build Order

Changoleon Terran - Winner!

Build Orders: MMM Bio 

Get SALT Encoding   

  12  0:00  SCV  
  13  0:12  SCV  
  14  0:17  Supply Depot  
  14  0:24  SCV  
  15  0:39  SCV  
  15  0:40  Barracks  
  16  0:51  Refinery, SCV  
  17  1:03  SCV  
  18  1:17  SCV  
  19  1:27  Marine  
  19  1:29  Supply Depot  
  19  1:31  Orbital Command  
  20  1:45  Marine  
  21  1:59  SCV  
  22  2:04  Command Center  
  22  2:06  Marine  
  22  2:07  Factory  
  23  2:15  SCV  
  24  2:28  Barracks Reactor  
  24  2:29  SCV  
  25  2:39  Refinery  
  25  2:42  SCV  
  26  2:49  Supply Depot  
  26  2:51  Widow Mine  
  26  2:57  Starport  
  26  2:58  SCV  
  29  3:05  Marine x2  
  30  3:10  SCV  
  32  3:16  Orbital Command  
  32  3:22  SCV  
  33  3:34  SCV  
  33  3:35  Viking, Marine  
  33  3:36  Widow Mine, Marine  
  33  3:41  Barracks  
  40  3:47  SCV  
  39  3:59  Marine  
  39  4:00  Marine  
  39  4:02  SCV  
  42  4:06  SCV  
  43  4:14  Widow Mine, SCV  
  43  4:15  Medivac  
  48  4:18  SCV  
  48  4:27  SCV  
  48  4:29  Barracks  
  48  4:30  SCV  
  50  4:38  Supply Depot  
  50  4:39  SCV  
  50  4:40  Supply Depot  
  50  4:42  SCV  
  52  4:46  Marine x2  
  52  4:47  Barracks Tech Lab  
  54  4:59  Widow Mine  
  54  5:00  Medivac  
  54  5:02  Supply Depot  
  54  5:05  Supply Depot  
  58  5:09  SCV x2  
  58  5:10  Engineering Bay  
  58  5:12  Marine x3  
  58  5:13  Stimpack  
  63  5:18  Barracks Reactor  
  63  5:23  Supply Depot, SCV x2  
  63  5:25  Refinery  
  65  5:30  Marine  
  65  5:33  Widow Mine, Marine x2  
  65  5:34  Medivac  
  72  5:49  Marine  
  73  5:50  Marine  
  73  5:55  Marine x2  
  76  5:58  Refinery, SCV x2  
  76  6:00  Terran Infantry Weapons Level 1  
  76  6:02  Supply Depot, Marine  
  79  6:04  Factory Reactor  
  79  6:05  Starport Reactor  
  79  6:07  Marine  
  80  6:11  Command Center  
  80  6:23  Marine x4  
  80  6:24  Marine  
  85  6:25  SCV  
  85  6:26  SCV  
  87  6:38  SCV  
  86  6:41  Marine  
  87  6:53  Marine x4  
  87  6:54  Widow Mine x2  
  87  6:55  Medivac x2  
  87  6:57  SCV x2  
  87  6:58  Marine  
  98  7:04  Supply Depot  
  98  7:05  Supply Depot  
  98  7:09  SCV x2  
  98  7:10  Factory  
  98  7:11  Marine x2  
  102  7:16  Combat Shields  
  102  7:22  Marine x2  
  102  7:26  Engineering Bay, Armory  
  104  7:40  Marine  
  104  7:41  Widow Mine x2, Marine x3  
  104  7:42  Medivac x2  
  113  7:54  Marine  
  114  7:58  Marine x2  
  114  8:00  Supply Depot, Orbital Command  
  114  8:03  Factory Tech Lab, Refinery  
  116  8:09  Marine  
  116  8:10  Marine  
  118  8:15  Barracks  
  117  8:28  Marine  
  117  8:29  Widow Mine x2, Marine x2  
  117  8:31  Thor  
  130  8:35  Supply Depot  
  122  8:50  SCV x3  
  122  8:55  Supply Depot  
  125  9:02  Marine x4, SCV x2  
  129  9:03  Missile Turret x2, Widow Mine x2, Marine  
  136  9:12  Medivac  
  136  9:13  Medivac  
  140  9:18  Refinery  
  140  9:20  Marine x2  
Show
View Real Time Build Order
Export as new Build Order

jazzzkk Terran 

Build Orders: MMM Bio 

Get SALT Encoding   

  12  0:01  SCV  
  13  0:13  SCV  
  14  0:17  Supply Depot  
  14  0:25  SCV  
  15  0:39  SCV  
  15  0:42  Barracks  
  16  0:51  SCV, Refinery  
  17  1:03  SCV  
  18  1:15  SCV  
  19  1:20  Supply Depot  
  19  1:30  Orbital Command  
  19  1:35  Reaper  
  20  1:56  SCV  
  21  2:07  Marine  
  22  2:09  Command Center  
  22  2:11  Barracks  
  22  2:31  Barracks Reactor  
  22  2:34  Refinery  
  22  2:37  Factory  
  22  2:39  SCV  
  23  2:51  SCV  
  23  2:57  Barracks  
  24  3:00  Barracks Tech Lab  
  24  3:03  SCV  
  25  3:15  SCV  
  25  3:18  Marine  
  27  3:24  Orbital Command  
  27  3:25  Marine  
  28  3:27  SCV  
  28  3:28  Factory Reactor  
  28  3:30  Stimpack  
  29  3:39  SCV  
  30  3:52  SCV  
  31  3:57  Marine x3  
  31  3:58  SCV  
  31  4:00  Barracks Tech Lab  
  35  4:04  Starport, SCV  
  36  4:10  SCV  
  36  4:14  Marine  
  36  4:15  Marine x2  
  36  4:16  SCV  
  41  4:23  SCV  
  42  4:28  Hellion x2, SCV  
  42  4:30  Combat Shields  
  46  4:34  Supply Depot  
  46  4:35  Supply Depot  
  46  4:42  Supply Depot  
  46  4:48  Engineering Bay  
  46  4:55  Marine x2, SCV  
  46  4:56  SCV  
  50  5:06  Marine  
  50  5:07  Supply Depot  
  51  5:08  Supply Depot, SCV x2  
  51  5:10  Factory Tech Lab  
  51  5:13  Marine  
  54  5:17  Marine  
  54  5:20  SCV x2  
  57  5:24  Marauder  
  59  5:31  Marine  
  59  5:32  SCV x2  
  59  5:35  Marine  
  63  5:40  Command Center  
  63  5:42  Refinery x2  
  63  5:44  SCV x2  
  63  5:45  Terran Infantry Weapons Level 1  
  63  5:46  Engineering Bay, Marauder  
  63  5:48  Supply Depot  
  63  5:49  Marine  
  68  5:52  Medivac  
  68  5:53  Marine  
  68  5:56  SCV x2  
  73  5:59  Supply Depot  
  73  6:06  Marine x2  
  73  6:08  SCV  
  73  6:10  Marine  
  75  6:24  Marine  
  75  6:25  Marauder  
  78  6:28  Marine  
  79  6:42  Marine  
  79  6:45  Viking x2  
  79  6:46  Marine x2  
  86  6:54  SCV  
  86  6:56  SCV  
  86  6:58  Orbital Command  
  86  7:00  Marine  
  89  7:04  Marine, Marauder  
  92  7:10  Barracks x2  
  92  7:15  Medivac  
  92  7:18  Marine  
  92  7:22  Marine  
  89  7:25  Marine  
  87  7:31  Medivac  
  87  7:36  Marine  
  87  7:37  SCV x2  
  87  7:39  Supply Depot, Marine  
  87  7:40  Supply Depot  
  87  7:43  Marine  
  91  7:45  Medivac  
  91  7:47  SCV  
  91  7:49  SCV  
  95  7:53  Marine  
  95  7:54  Marine  
  95  7:55  Concussive Shells  
  95  7:57  Marine  
  95  8:00  Marine, Medivac  
  95  8:01  Marine  
  98  8:11  Marine  
  92  8:13  Marauder  
  92  8:15  Medivac, Marine  
  92  8:17  Marine  
  92  8:18  Marine  
  94  8:20  Marine  
  94  8:29  Marine  
  94  8:30  Medivac  
  94  8:33  Marine  
  94  8:34  Marine x2  
  98  8:36  Marine  
  98  8:38  Marine  
  97  8:45  Medivac  
  97  8:47  Marine  
  100  8:51  Marine  
  100  8:52  Marine, Marauder  
  100  8:54  Marine  
  105  8:55  Marine  
  106  9:14  Supply Depot, Marine x6  
  106  9:15  Supply Depot  
  81  9:32  Marine x5  
Show
View Real Time Build Order
Export as new Build Order

Tenonee Zerg 

Build Orders: Hatch First 

Get SALT Encoding   

  12  0:01  Drone  
  13  0:09  Drone  
  14  0:34  Hatchery  
  13  0:40  Drone  
  14  0:43  Extractor  
  13  0:58  Spawning Pool  
  12  1:10  Overlord  
  12  1:19  Drone x2  
  14  1:30  Drone  
  15  1:36  Drone  
  16  1:49  Metabolic Boost  
  16  1:52  Queen  
  18  2:02  Queen  
  20  2:19  Drone x4  
  20  2:20  Drone  
  25  2:33  Overlord  
  25  2:38  Drone x2  
  27  2:49  Overlord  
  27  2:56  Zergling x2  
  27  2:57  Zergling x4  
  30  3:02  Zergling x2  
  30  3:03  Zergling x6  
  34  3:13  Zergling x8  
  34  3:15  Queen  
  40  3:30  Zergling x8  
  44  3:36  Overlord x3  
  44  3:54  Drone x2  
  44  3:55  Drone x3  
  47  4:14  Drone x3  
  46  4:37  Drone x2  
  46  4:38  Drone x6  
  52  4:40  Extractor  
  52  4:42  Extractor x2  
  51  4:48  Evolution Chamber  
  51  4:50  Evolution Chamber  
  49  5:12  Drone x3  
  52  5:15  Overlord x4  
  52  5:17  Lair  
  52  5:23  Roach Warren  
  51  5:42  Drone x10  
  61  5:43  Drone  
  61  5:46  Zerg Ground Armor Level 1, Zerg Missile Weapons Level 1  
  62  5:57  Hatchery  
  61  6:10  Zergling x12  
  64  6:25  Roach  
  61  6:26  Roach x5  
  64  6:37  Drone x2  
  65  7:04  Roach  
  65  7:05  Roach x5  
  76  7:13  Glial Reconstitution  
  60  7:29  Lair  
  58  7:51  Overlord x2  
  56  7:59  Roach  
  56  8:00  Hatchery  
  56  8:03  Roach  
  56  8:04  Roach x2  
  56  8:34  Spawning Pool  
  55  8:37  Roach x2  
  55  8:38  Roach  
  55  8:39  Hatchery  
  59  8:56  Hydralisk Den  
  59  8:57  Roach  
  60  9:15  Roach x2  
  57  9:32  Roach  
Tags
 
Add a new tag
Caveats
  • Supply blocks, unpowered buildings, or Contaminate may cause inaccurate times.
  • Supply counts are checked every 10 seconds.